 Dungeon Sprint DCSS version 0.30-a0-374-g95c0257040 (webtiles) character file.

Game seed: 526422636168894440

17369 rocky1 the Timeless (level 12, -10/105 HPs)
             Began as a Gnoll Warper on Nov 25, 2022.
             Was a High Priest of Cheibriados.
             Mangled by Arachne
             ... wielding a staff of poison
              (27 damage)
             ... in the Dungeon (Sprint VII: "The Pits").
             The game lasted 00:10:27 (2946 turns).

rocky1 the Timeless (Gnoll Warper)                  Turns: 2946, Time: 00:10:28

Health: -10/105    AC: 13    Str: 24    XL:     12   Next: 47%
Magic:  2/29       EV: 12    Int: 27    God:    Cheibriados [*****.]
Gold:   84         SH:  0    Dex: 31    Spells: 22/37 levels left

rFire   . . .      SeeInvis +    p - +2 scimitar (holy)
rCold   . . .      Faith    .    a - +0 kite shield
rNeg    . . .      Spirit   .    n - +3 ring mail
rPois   .          Reflect  .    t - +0 helmet
rElec   .          Harm     .    s - +0 cloak
rCorr   .          Rampage  .    (no gloves)
Will    .....      NoTele   +    (no boots)
Stlth   +++++.....               (no amulet)
HPRegen 0.37/turn                b - +3 ring of dexterity
MPRegen 0.21/turn                z - ring of see invisible

@: held, very slow
A: fangs 1, strong nose, distributed training
a: Renounce Religion, Bend Time, Temporal Distortion, Slouch, Step From Time


You were in the Dungeon.
You worshipped Cheibriados.
Cheibriados was extremely pleased with you.
You visited 1 branch You collected 84 gold pieces.

Inventory:

Hand Weapons
 o - a +2 long sword of flaming
 p - a +2 scimitar of holy wrath (weapon)
 q - a +2 vorpal morningstar
 r - a +2 war axe of freezing
Missiles
 d - 7 boomerangs of dispersal
 u - 6 silver javelins
 v - 5 boomerangs
 w - 3 javelins (quivered)
 E - 4 poisoned darts
Armour
 a - a +0 kite shield (worn)
 n - a +3 ring mail (worn)
 s - a +0 cloak (worn)
 t - a +0 helmet (worn)
 D - an orb of energy
Jewellery
 b - a +3 ring of dexterity (left hand)
 g - a +3 ring of intelligence
 z - a ring of see invisible (right hand)
 B - a ring of ice
Scrolls
 c - 4 scrolls of blinking
 k - 5 scrolls of amnesia
 l - a scroll of summoning
 y - 3 scrolls of magic mapping
 A - 2 scrolls of identify
 F - 6 scrolls of enchant weapon
 G - a scroll of fog
 H - a scroll of fear
Potions
 e - 11 potions of curing
 f - 10 potions of heal wounds
 h - 4 potions of magic
 i - 2 potions of might
 j - 2 potions of invisibility
 m - 4 potions of mutation
Miscellaneous
 x - a phantom mirror
 C - a lightning rod (4/4)


   Skills:
 + Level 13.0 Fighting
 + Level 12.2 Short Blades
 + Level 13.0 Long Blades
 + Level 12.2 Axes
 + Level 12.2 Maces & Flails
 + Level 12.2 Polearms
 + Level 12.2 Staves
 + Level 12.2 Ranged Weapons
 + Level 12.5 Throwing
 + Level 12.5 Armour
 + Level 13.0 Dodging
 + Level 12.2 Stealth
 + Level 12.2 Shields
 + Level 12.2 Unarmed Combat
 + Level 13.1 Spellcasting
 + Level 10.3 Conjurations
 + Level 10.3 Hexes
 + Level 10.3 Summonings
 + Level 10.3 Necromancy
 + Level 11.7 Translocations
 + Level 10.3 Transmutations
 + Level 10.3 Fire Magic
 + Level 10.3 Ice Magic
 + Level 10.3 Air Magic
 + Level 10.3 Earth Magic
 + Level 10.3 Poison Magic
 + Level 13.3 Invocations
 + Level 12.2 Evocations


You had 22 spell levels left.
You knew the following spells:

 Your Spells              Type           Power      Damage    Failure   Level
a - Blink                 Tloc           100%       N/A       1%          2
b - Manifold Assault      Tloc           69%        N/A       1%          4
c - Vhi's Electric Charg  Tloc/Air       100%       N/A       1%          3
d - Lesser Beckoning      Tloc           100%       N/A       1%          3
e - Teleport Other        Tloc           69%        N/A       1%          3

Your spell library contained the following spells:

 Spells                   Type           Power      Damage    Failure   Level
 Sandblast                Erth           100%       2d20      1%          1
 Passwall                 Tmut/Erth      54%        N/A       1%          2
 Stone Arrow              Conj/Erth      100%       3d13      1%          3


Dungeon Overview and Level Annotations

Branches:
Dungeon (1/1)

Altars:
Ashenzari
Cheibriados
Dithmenos
Elyvilon
Fedhas
Gozag
Hepliaklqana
Kikubaaqudgha
Makhleb
Nemelex Xobeh
Okawaru
Qazlal
Ru
Sif Muna
Trog
Uskayaw
Vehumet
Wu Jian
Xom
Yredelemnul
Zin
The Shining One
Jiyva
Lugonu

Annotations:
D Arachne


Innate Abilities, Weirdness & Mutations

You have very sharp teeth.
Your uncanny sense of smell can sniff out nearby items.
Your experience applies equally to all skills.


Message History

Cheibriados thoroughly appreciates the change of pace.
You feel sick. Arachne barely misses you.
Unknown command.
Activating: Slouch (0% risk of failure)
Press: ? - help, Dir - look around, f - activate You can feel time thicken for a moment.
You feel sick.
You are no longer poisoned.
Arachne stares at you and mumbles some strange words.
The bolt of poison hits you!
You are poisoned.
Arachne hits you with a staff of poison!
* * * LOW HITPOINT WARNING * * *
Arachne envenoms you!!
* * * LOW HITPOINT WARNING * * *
You are more poisoned.
You feel better.
Arachne says, "No one escapes my webs."
You block Arachne's attack.
Activating: Slouch (0% risk of failure)
Press: ? - help, Dir - look around, f - activate You can feel time thicken for a moment.
Arachne says, "Come to my web."
Arachne points her staff at you, shooting a stream of webbing.
The stream of webbing misses you.
Arachne stares at you and mumbles some strange words.
The bolt of poison misses you.
Unknown command.
Activating: Slouch (1% risk of failure)
Press: ? - help, Dir - look around, f - activate You can feel time thicken for a moment.
Cheibriados lowers the support of your attributes as your movement quickens.
Arachne points her staff at you, shooting a stream of webbing.
The stream of webbing hits you but does no damage.
You are caught in a web!
Activating: Slouch (1% risk of failure)
Press: ? - help, Dir - look around, f - activate You can feel time thicken for a moment.
Cheibriados lowers the support of your attributes as your movement quickens.
Arachne hits you but does no damage. Arachne envenoms you!!
You die...

∆∆∆ ∆∆∆∆ ∆∆∆∆∆
########################
........................
................@H..(...
###########++###########
∆∆ ∆∆ ∆∆ ∆∆


You could see Arachne.

Vanquished Creatures
  2 minotaurs (D)
  A merfolk javelineer (D)
  A merfolk avatar (D)
  2 two-headed ogres (D)
  A naga warrior (D)
  2 shadow wraiths (D)
  A deep troll (D)
  2 bog bodies (D)
  2 lindwurms (D)
  An orc sorcerer (D)
  A deep elf pyromancer (D)
  A deep elf zephyrmancer (D)
  A manticore (D)
  A salamander (D)
  2 naga magi (D)
  A molten gargoyle (D)
  A smoke demon (D)
  An unseen horror (D)
  A hellwing (D)
  A red devil (D)
  An ice devil (D)
  A wind drake (D)
  A tyrant leech (D)
  2 tarantellas (D)
  4 merfolk (D)
  A hornet (D)
  5 blink frogs (D)
  A snapping turtle (D)
  Sigmund (D)
  A flying skull (D)
  A large abomination (D)
  5 shadows (D)
  A fire bat (D)
  A naga (D)
  2 water moccasins (D)
  2 ogres (D)
  A wolf (D)
  A scorpion (D)
  2 gnoll sergeants (D)
  An earth elemental (D)
  2 hounds (D)
  2 jellies (D)
  A gnoll bouda (D)
  2 mummies (D)
  11 gnolls (D)
  2 adders (D)
  A river rat (D)
  A worm (D)
  An adder simulacrum (D)
  3 orcs (D)
  A ball python (D)
  An endoplasm (D)
  A giant cockroach (D)
  A hobgoblin (D)
  3 jackals (D)
  A ball python skeleton (D)
  2 rats (D)
97 creatures vanquished.

Notes
Turn   | Place    | Note
-------+----------+-------------------------------------------
     0 | D        | rocky1 the Gnoll Warper began the quest for the Orb.
     0 | D        | Reached XP level 1. HP: 20/20 MP: 6/6
    44 | D        | Found a bloodstained altar of Trog.
    44 | D        | Found a shimmering blue altar of Sif Muna.
    44 | D        | Found a viscous altar of Jiyva.
    44 | D        | Found a hazy altar of Hepliaklqana.
    44 | D        | Found an opulent altar of Gozag.
    45 | D        | Found a glowing golden altar of the Shining One.
    45 | D        | Found a glowing silver altar of Zin.
    45 | D        | Found a basalt altar of Yredelemnul.
    45 | D        | Found a shimmering altar of Xom.
    45 | D        | Found an ornate altar of the Wu Jian Council.
    45 | D        | Found a sacrificial altar of Ru.
    45 | D        | Found a stormy altar of Qazlal.
    45 | D        | Found an iron altar of Okawaru.
    45 | D        | Found a sparkling altar of Nemelex Xobeh.
    45 | D        | Found a burning altar of Makhleb.
    45 | D        | Found a blossoming altar of Fedhas.
    45 | D        | Found a white marble altar of Elyvilon.
    45 | D        | Found a shadowy altar of Dithmenos.
    45 | D        | Found a snail-covered altar of Cheibriados.
    48 | D        | Found a corrupted altar of Lugonu.
    48 | D        | Found a radiant altar of Vehumet.
    49 | D        | Found an ancient bone altar of Kikubaaqudgha.
    49 | D        | Found a hide-covered altar of Uskayaw.
    49 | D        | Found a broken altar of Ashenzari.
    56 | D        | Became a worshipper of Cheibriados the Contemplative
    80 | D        | Reached * piety under Cheibriados
    81 | D        | Reached skill level 5 in Spellcasting
    87 | D        | Reached skill level 1 in Invocations
    87 | D        | Reached ** piety under Cheibriados
    88 | D        | Reached skill level 1 in Short Blades
    88 | D        | Reached skill level 1 in Axes
    88 | D        | Reached skill level 1 in Maces & Flails
    88 | D        | Reached skill level 1 in Polearms
    88 | D        | Reached skill level 1 in Staves
    88 | D        | Reached skill level 1 in Ranged Weapons
    88 | D        | Reached skill level 1 in Stealth
    88 | D        | Reached skill level 1 in Shields
    88 | D        | Reached skill level 1 in Unarmed Combat
    88 | D        | Reached skill level 1 in Evocations
   159 | D        | Reached skill level 1 in Conjurations
   159 | D        | Reached skill level 1 in Hexes
   159 | D        | Reached skill level 1 in Summonings
   159 | D        | Reached skill level 1 in Necromancy
   159 | D        | Reached skill level 1 in Transmutations
   159 | D        | Reached skill level 1 in Fire Magic
   159 | D        | Reached skill level 1 in Ice Magic
   159 | D        | Reached skill level 1 in Air Magic
   159 | D        | Reached skill level 1 in Earth Magic
   159 | D        | Reached skill level 1 in Poison Magic
   159 | D        | Reached XP level 2. HP: 20/26 MP: 8/8
   194 | D        | Noticed a scorpion
   194 | D        | Noticed an ogre
   207 | D        | Killed a scorpion
   207 | D        | Reached *** piety under Cheibriados
   208 | D        | Reached skill level 5 in Fighting
   208 | D        | Reached skill level 5 in Long Blades
   208 | D        | Reached skill level 5 in Dodging
   208 | D        | Reached XP level 3. HP: 33/33 MP: 10/10
   208 | D        | Reached XP level 4. HP: 39/39 MP: 11/11
   210 | D        | Killed an ogre
   211 | D        | Reached XP level 5. HP: 46/46 MP: 11/13
   252 | D        | Reached **** piety under Cheibriados
   319 | D        | Reached ***** piety under Cheibriados
   319 | D        | Reached ****** piety under Cheibriados
   320 | D        | Reached skill level 5 in Throwing
   320 | D        | Reached skill level 5 in Armour
   320 | D        | Reached skill level 5 in Invocations
   320 | D        | Reached XP level 6. HP: 48/53 MP: 8/15
   381 | D        | Noticed Sigmund
   388 | D        | Killed Sigmund
   389 | D        | Reached skill level 5 in Short Blades
   389 | D        | Reached skill level 5 in Axes
   389 | D        | Reached skill level 5 in Maces & Flails
   389 | D        | Reached skill level 5 in Polearms
   389 | D        | Reached skill level 5 in Staves
   389 | D        | Reached skill level 5 in Ranged Weapons
   389 | D        | Reached skill level 5 in Stealth
   389 | D        | Reached skill level 5 in Shields
   389 | D        | Reached skill level 5 in Unarmed Combat
   389 | D        | Reached skill level 5 in Evocations
   389 | D        | Reached XP level 7. HP: 60/60 MP: 18/18
   443 | D        | Noticed a hellwing
   450 | D        | Killed a hellwing
   451 | D        | Reached skill level 5 in Conjurations
   451 | D        | Reached skill level 5 in Hexes
   451 | D        | Reached skill level 5 in Summonings
   451 | D        | Reached skill level 5 in Necromancy
   451 | D        | Reached skill level 5 in Transmutations
   451 | D        | Reached skill level 5 in Fire Magic
   451 | D        | Reached skill level 5 in Ice Magic
   451 | D        | Reached skill level 5 in Air Magic
   451 | D        | Reached skill level 5 in Earth Magic
   451 | D        | Reached skill level 5 in Poison Magic
   460 | D        | Reached XP level 8. HP: 67/68 MP: 20/20
   606 | D        | Learned a level 3 spell: Vhi's Electric Charge
   611 | D        | Learned a level 4 spell: Manifold Assault
   614 | D        | Learned a level 2 spell: Blink
   618 | D        | Learned a level 3 spell: Lesser Beckoning
   622 | D        | Learned a level 3 spell: Teleport Other
   623 | D        | Noticed a tarantella
   623 | D        | Noticed a two-headed ogre
   632 | D        | Killed a tarantella
   637 | D        | Killed a two-headed ogre
   638 | D        | Reached XP level 9. HP: 41/75 MP: 10/22
   949 | D        | Noticed a bog body
   949 | D        | Noticed a bog body
   952 | D        | Killed a bog body
   961 | D        | Killed a bog body
  1239 | D        | Noticed a wind drake
  1239 | D        | Noticed a lindwurm
  1258 | D        | Killed a wind drake
  1262 | D        | Reached skill level 10 in Spellcasting
  1269 | D        | Killed a lindwurm
  1270 | D        | Reached skill level 10 in Fighting
  1270 | D        | Reached skill level 10 in Long Blades
  1270 | D        | Reached skill level 10 in Dodging
  1270 | D        | Reached XP level 10. HP: 29/85 MP: 9/24
  1446 | D        | Noticed a smoke demon
  1451 | D        | Killed a smoke demon
  1465 | D        | Noticed a deep elf pyromancer
  1468 | D        | Reached skill level 10 in Invocations
  1470 | D        | Killed a deep elf pyromancer
  1520 | D        | Noticed a minotaur
  1542 | D        | Killed a minotaur
  1543 | D        | Reached skill level 10 in Throwing
  1543 | D        | Reached skill level 10 in Armour
  1748 | D        | Noticed a merfolk javelineer
  1752 | D        | Killed a merfolk javelineer
  1753 | D        | Reached skill level 10 in Short Blades
  1753 | D        | Reached skill level 10 in Axes
  1753 | D        | Reached skill level 10 in Maces & Flails
  1753 | D        | Reached skill level 10 in Polearms
  1753 | D        | Reached skill level 10 in Staves
  1753 | D        | Reached skill level 10 in Ranged Weapons
  1753 | D        | Reached skill level 10 in Stealth
  1753 | D        | Reached skill level 10 in Shields
  1753 | D        | Reached skill level 10 in Unarmed Combat
  1753 | D        | Reached skill level 10 in Translocations
  1753 | D        | Reached skill level 10 in Evocations
  1753 | D        | Reached XP level 11. HP: 89/93 MP: 4/26
  1773 | D        | Killed a shadow wraith
  1940 | D        | Noticed a two-headed ogre
  1940 | D        | Noticed a lindwurm
  1951 | D        | Killed a two-headed ogre
  1965 | D        | Killed a lindwurm
  2139 | D        | Killed a shadow wraith
  2436 | D        | Noticed a manticore
  2438 | D        | Noticed an orc sorcerer
  2438 | D        | Noticed a minotaur
  2442 | D        | Killed a manticore
  2624 | D        | Killed an orc sorcerer
  2632 | D        | Killed a minotaur
  2633 | D        | Reached XP level 12. HP: 74/103 MP: 19/28
  2859 | D        | Noticed a naga warrior
  2867 | D        | Reached skill level 10 in Conjurations
  2867 | D        | Reached skill level 10 in Hexes
  2867 | D        | Reached skill level 10 in Summonings
  2867 | D        | Reached skill level 10 in Necromancy
  2867 | D        | Reached skill level 10 in Transmutations
  2867 | D        | Reached skill level 10 in Fire Magic
  2867 | D        | Reached skill level 10 in Ice Magic
  2867 | D        | Reached skill level 10 in Air Magic
  2867 | D        | Reached skill level 10 in Earth Magic
  2867 | D        | Reached skill level 10 in Poison Magic
  2867 | D        | Killed a naga warrior
  2900 | D        | Noticed a merfolk avatar
  2921 | D        | Killed a merfolk avatar
  2937 | D        | Noticed Arachne
  2946 | D        | Mangled by Arachne

Illustrated notes

Levels and vault maps discovered:
D:        pitsprint [storerooms_1, entrance_room_1, metal_vault_8, armoury_2,
          mini_pit_1, grid_room_1, main_hall_1, silver_pit, the_coven_3,
          the_vestibule_1, steel_vault_3, golden_pit, hallway_of_sentries,
          crystal_vault_3, iron_vault_4, final_vault]

Skill      XL: |  1  2  3  4  5  6  7  8  9 10 11 12 |
---------------+-------------------------------------+-----
Spellcasting   | 5 6 7 8 9 10 11 12 13 | 13.1
Invocations    | 1 3 4 5 6 8 9 11 12 13 | 13.3
Short Blades   | 1 2 3 4 5 6 7 8 10 11 12 | 12.2
Axes           | 1 2 3 4 5 6 7 8 10 11 12 | 12.2
Maces & Flails | 1 2 3 4 5 6 7 8 10 11 12 | 12.2
Polearms       | 1 2 3 4 5 6 7 8 10 11 12 | 12.2
Staves         | 1 2 3 4 5 6 7 8 10 11 12 | 12.2
Ranged Weapons | 1 2 3 4 5 6 7 8 10 11 12 | 12.2
Stealth        | 1 2 3 4 5 6 7 8 10 11 12 | 12.2
Shields        | 1 2 3 4 5 6 7 8 10 11 12 | 12.2
Unarmed Combat | 1 2 3 4 5 6 7 8 10 11 12 | 12.2
Evocations     | 1 2 3 4 5 6 7 8 10 11 12 | 12.2
Conjurations   | 1 2 3 4 5 6 7 8 9 10 | 10.3
Hexes          | 1 2 3 4 5 6 7 8 9 10 | 10.3
Summonings     | 1 2 3 4 5 6 7 8 9 10 | 10.3
Necromancy     | 1 2 3 4 5 6 7 8 9 10 | 10.3
Transmutations | 1 2 3 4 5 6 7 8 9 10 | 10.3
Fire Magic     | 1 2 3 4 5 6 7 8 9 10 | 10.3
Ice Magic      | 1 2 3 4 5 6 7 8 9 10 | 10.3
Air Magic      | 1 2 3 4 5 6 7 8 9 10 | 10.3
Earth Magic    | 1 2 3 4 5 6 7 8 9 10 | 10.3
Poison Magic   | 1 2 3 4 5 6 7 8 9 10 | 10.3
Throwing       | 3 4 5 6 7 9 10 11 12 | 12.5
Armour         | 3 4 5 6 7 9 10 11 12 | 12.5
Fighting       | 5 6 7 8 10 11 12 13 | 13.0
Long Blades    | 5 6 7 8 10 11 12 13 | 13.0
Dodging        | 5 6 7 8 10 11 12 13 | 13.0
Translocations | 6 7 8 9 10 11 | 11.7

Action                   |  1- 3 |  4- 6 |  7- 9 | 10-12 || total
-------------------------+-------+-------+-------+-------++-------
Melee: Falchion          |    28 |     4 |       |       ||    32
       Bite              |     1 |     1 |    10 |    21 ||    33
       Punch             |     1 |     1 |       |       ||     2
       Long sword        |       |    11 |    28 |       ||    39
       Scimitar          |       |       |    30 |   157 ||   187
Throw: Javelin           |       |       |       |     4 ||     4
 Cast: Manifold Assault  |       |       |     2 |       ||     2
       Vhi's Electric Ch |       |       |       |     1 ||     1
Invok: Slouch            |       |     1 |     3 |    18 ||    22
Evoke: Lightning rod     |       |       |       |     5 ||     5
  Use: Potion            |     1 |     1 |     5 |     3 ||    10
 Stab: Sleeping          |       |       |     2 |     3 ||     5
       Distracted        |       |       |       |     1 ||     1
Armor: Leather armour    |    11 |       |       |       ||    11
       Ring mail         |       |     6 |     6 |    34 ||    46
Dodge: Dodged            |    31 |     7 |    27 |    98 ||   163
Block: Kite shield       |       |       |    32 |   101 ||   133

Table legend: (Time is in decaauts)
 A = Elapsed time spent in this place.
 B = Non-inter-level travel time spent in this place.
 C = Inter-level travel time spent in this place.
 D = Time resting spent in this place.
 E = Time spent auto-exploring this place.
 F = Levels seen in this place.
 G = Mean time per level.
                   A        B        C        D        E       F      G
               +--------+--------+--------+--------+--------+-----+--------+
         Total |   3493 |   3361 |    132 |   1977 |      0 |   1 | 3493.0 |
       Dungeon |   3493 |   3361 |    132 |   1977 |      0 |   1 | 3493.0 |
               +--------+--------+--------+--------+--------+-----+--------+

Top non-repeatable levels by time:
       D: 3493 daAuts
